 Seeded DCSS version 0.30.1-4-g462c640d31 (webtiles) character file.

Game seed: 6351066067085065685 (custom seed)

332893 Esekla the Archmage (level 20, -7/122 HPs)
             Began as a Deep Elf Wanderer on Sept 11, 2023.
             Was the Champion of Vehumet.
             Killed from afar by an ancient champion (47 damage)
             ... with an iron shot
             ... on level 3 of the Crypt on Sept 12, 2023.
             The game lasted 07:03:12 (41472 turns).

Esekla the Archmage (Deep Elf Wanderer)            Turns: 41472, Time: 07:03:12

Health: -7/122     AC: 23    Str:  9    XL:     20   Next: 90%
Magic:  42/53      EV: 14    Int: 34    God:    Vehumet [******]
Gold:   1234       SH:  4    Dex: 11    Spells: 13/73 levels left

rFire   + . .        a - +8 arc blade {discharge, rElec}
rCold   . . .        M - +0 buckler
rNeg    + . .        O - +1 ring mail "Uronn" {rF+ Regen+ Int+3}
rPois   +            Y - +2 helmet {Int+3}
rElec   +            d - +2 cloak {Stlth+}
rCorr   .            j - +0 pair of gloves
SInv    .            k - +2 pair of boots {rampage}
Will    ++...        C - amulet of magic regeneration
Stlth   +++          V - ring of Greed {rElec rPois rN+ AC+4 Str-2}
HPRegen 1.20/turn    J - ring of the Mage {Wiz Archmagi}
MPRegen 0.73/turn

%: rampage, wizardry (x1), archmagi
@: wereblooded
A: no striking features
}: 2/15 runes: barnacled, gossamer
a: Renounce Religion


You were on level 3 of the Crypt.
You worshipped Vehumet.
Vehumet was exalted by your worship.
You visited 7 branches of the dungeon, and saw 36 of its levels.
You visited 1 bazaar.
You also visited: Trove and Bailey.

You collected 6186 gold pieces.
You spent 4952 gold pieces at shops.

Inventory:

Hand Weapons
 a - the +8 arc blade (weapon) {discharge, rElec}
   (You bought it in a shop on level 4 of the Dungeon)

   rElec:     It insulates you from electricity.
 e - a +2 demon blade of electrocution
 f - a +9 scimitar of flaming
 r - a +4 trident of venom
 s - the +8 Vampire's Tooth {megavamp}
   (You bought it in a shop in a bazaar)
Missiles
 y - 82 poisoned darts
 K - 6 curare-tipped darts
 P - 28 boomerangs (quivered)
Armour
 d - a +2 cloak of stealth (worn)
 j - a +0 pair of gloves (worn)
 k - a +2 pair of boots of rampaging (worn)
 q - the +0 mask of the Dragon {Will+ Slay+3 SInv}
   (You bought it in a shop in a bazaar)

   Slay:      It affects your accuracy & damage with ranged weapons and melee
   (+3).
   SInv:      It lets you see invisible.
   Will:      It increases your willpower.
 x - the +1 animal skin "Kougi" {rPois rF++ MP+9}
   (You found it on level 2 of the Shoals)

   rF:        It greatly protects you from fire.
   rPois:     It protects you from poison.
   MP:        It affects your magic capacity (+9).
 M - a +0 buckler (worn)
 O - the +1 ring mail "Uronn" (worn) {rF+ Regen+ Int+3}
   (You found it on level 4 of the Shoals)

   Int:       It affects your intelligence (+3).
   rF:        It protects you from fire.
   Regen:     It increases your rate of health regeneration.
 R - a scarf of repulsion
 X - a +2 robe of cold resistance
 Y - a +2 helmet of intelligence (worn)
Jewellery
 b - the ring "Pileq" {Ice Str+4 Dex+3 Slay+2}
   (You took it off a merfolk on level 4 of the Shoals)

   [ring of ice]

   It enhances your ice magic.
   Str:       It affects your strength (+4).
   Dex:       It affects your dexterity (+3).
   Slay:      It affects your accuracy & damage with ranged weapons and melee
   (+2).
   rF:        It makes you vulnerable to fire.
   rC:        It protects you from cold.
 h - a ring of protection from cold
 C - an amulet of magic regeneration (around neck)
 J - the ring of the Mage (right hand) {Wiz Archmagi}
   (You bought it in a shop on level 2 of the Dungeon)

   [ring of wizardry]

   It improves your spell success rate.
   Archmagi:  It increases the power of your magical spells.
 Q - the ring of Akemeir {Fire Str+4}
   (You found it in a treasure trove)

   [ring of fire]

   It enhances your fire magic.
   Str:       It affects your strength (+4).
   rF:        It protects you from fire.
   rC:        It makes you vulnerable to cold.
 U - the ring of Descent {rPois rC+ Int+5 Stlth-}
   (You found it in a treasure trove)

   [ring of protection from cold]

   Int:       It affects your intelligence (+5).
   rC:        It protects you from cold.
   rPois:     It protects you from poison.
   Stlth:     It makes you less stealthy.
 V - the ring of Greed (left hand) {rElec rPois rN+ AC+4 Str-2}
   (You bought it in a shop on level 2 of the Dungeon)

   [ring of protection]

   AC:        It affects your AC (+4).
   Str:       It affects your strength (-2).
   rElec:     It insulates you from electricity.
   rPois:     It protects you from poison.
   rN:        It protects you from negative energy.
Wands
 n - a wand of roots (31)
 p - a wand of digging (23)
 t - a wand of flame (49)
 H - a wand of mindburst (7)
 T - a wand of quicksilver (25)
Scrolls
 o - 6 scrolls of blinking
 u - 2 scrolls of amnesia
 v - 3 scrolls of fear
 w - 5 scrolls of fog
 z - a scroll of enchant weapon
 A - 3 scrolls of silence
 B - 4 scrolls of magic mapping
 G - 5 scrolls of poison
 I - 13 scrolls of teleportation
 N - a scroll of enchant armour
Potions
 g - 4 potions of cancellation
 i - 11 potions of attraction
 l - a potion of invisibility
 m - 10 potions of haste
 D - 7 potions of flight
 E - 5 potions of magic
 F - 3 potions of resistance
 L - 6 potions of ambrosia
 S - 3 potions of might
 W - 8 potions of curing
Miscellaneous
 c - a lightning rod (4/4)


   Skills:
 - Level 12.0 Fighting
 - Level 8.4(9.0) Short Blades
 + Level 4.1(6.4) Long Blades
 + Level 3.5 Throwing
 - Level 8.2 Armour
 * Level 15.2 Dodging
 + Level 4.7 Stealth
 - Level 3.0 Shields
 O Level 27 Spellcasting
 + Level 10.8 Conjurations
 + Level 13.3 Necromancy
 + Level 6.0 Translocations
 - Level 6.2 Transmutations
 + Level 8.2 Fire Magic
 + Level 6.9 Ice Magic
 + Level 10.3 Air Magic
 * Level 11.3 Earth Magic
 - Level 8.1 Poison Magic
 + Level 1.3 Invocations
 + Level 1.0 Evocations


You had 13 spell levels left.
You knew the following spells:

 Your Spells              Type           Power      Damage    Failure   Level
a - Ozocubu's Armour      Ice            96%        N/A       1%          3
b - Blink                 Tloc           100%       N/A       1%          2
c - Mephitic Cloud        Conj/Pois/Air  100%       N/A       1%          3
d - Vampiric Draining     Necr           100%       2d13      0%          3
e - Conjure Ball Lightni  Conj/Air       54%        3x3d20    1%          6
f - Fireball              Conj/Fire      52%        3d20      1%          5
g - Magic Dart            Conj           100%       1d8       0%          1
i - Iskenderun's Mystic   Conj/Tloc      100%       2d19      1%          4
l - Lee's Rapid Deconstr  Erth           55%        3d26*     1%          5
n - Ignite Poison         Fire/Tmut/Pois 98%        N/A       1%          3
p - Apportation           Tloc           100%       N/A       1%          1
t - Teleport Other        Tloc           92%        N/A       1%          3
u - Dispel Undead         Necr           100%       3d31      1%          4
v - Poisonous Vapours     Pois/Air       100%       N/A       1%          2
w - Wereblood             Tmut           93%        N/A       1%          2
x - Olgreb's Toxic Radia  Pois           100%       N/A       1%          4
y - Sticky Flame          Conj/Fire      100%       2d11      1%          4
z - Freezing Cloud        Conj/Ice/Air   52%        6-21      1%          5

Your spell library contained the following spells:

 Spells                   Type           Power      Damage    Failure   Level
 Shatter                  Erth           55%        3d42*     77%         9
 Fire Storm               Conj/Fire      52%        8d13      92%         9
 Polar Vortex             Ice            48%        N/A       99%         9
 Shock                    Conj/Air       100%       1d9       0%          1
 Sublimation of Blood     Necr           100%       N/A       0%          2
 Foxfire                  Conj/Fire      100%       2x1d9     1%          1
 Sting                    Tmut/Pois      100%       1d8       1%          1
 Call Imp                 Summ           100%       N/A       1%          2
 Cigotuvi's Dreadful Rot  Necr/Pois/Air  100%       N/A       1%          2
 Lesser Beckoning         Tloc           100%       N/A       1%          2
 Gell's Gravitas          Tloc           92%        N/A       1%          3
 Hailstorm                Conj/Ice       100%       3d20      1%          3
 Inner Flame              Hex/Fire       84%        N/A       1%          3
 Portal Projectile        Hex/Tloc       100%       N/A       1%          3
 Spider Form              Tmut/Pois      96%        N/A       1%          3
 Swiftness                Air            100%       N/A       1%          3
 Tukima's Dance           Hex            62%        N/A       1%          3
 Vhi's Electric Charge    Tloc/Air       100%       N/A       1%          3
 Airstrike                Air            54%        2d(8-24)  1%          4
 Anguish                  Hex/Necr       47%        N/A       1%          4
 Manifold Assault         Tloc           92%        N/A       1%          4
 Passage of Golubria      Tloc           92%        N/A       1%          4
 Summon Ice Beast         Ice/Summ       81%        N/A       1%          4
 Arcjolt                  Conj/Air       54%        1d64      1%          5
 Yara's Violent Unravell  Hex/Tmut       39%        3d16      1%          5
 Death Channel            Necr           58%        N/A       1%          6
 Plasma Beam              Fire/Air       52%        2x1d73    1%          6
 Starburst                Conj/Fire      52%        6d14      1%          6
 Silence                  Hex/Air        44%        N/A       2%          5
 Orb of Destruction       Conj           54%        9d14      2%          7
 Cause Fear               Hex            31%        N/A       6%          4
 Dispersal                Tloc           46%        N/A       9%          6
 Ozocubu's Refrigeration  Ice            48%        4d18      10%         7
 Lehudib's Crystal Spear  Conj/Erth      55%        10d13     13%         8
 Summon Mana Viper        Hex/Summ       62%        N/A       17%         5
 Maxwell's Capacitive Co  Air            54%        ∞         17%         8
 Ignition                 Fire           50%        3d14      34%         8
 Dragon Form              Tmut           46%        N/A       38%         7
 Chain Lightning          Conj/Air       54%        3d72      85%         9
 Disjunction              Tloc           46%        N/A       97%         8
 Enfeeble                 Hex            31%        N/A       99%         7
 Summon Hydra             Summ           31%        N/A       99%         7
 Dragon's Call            Summ           31%        N/A       100%        9


Dungeon Overview and Level Annotations

Branches:
Dungeon (14/15)            Temple (0/1) D:6            Lair (5/5) D:11
 Shoals (4/4) Lair:2       Spider (4/4) Lair:3        Slime (0/5) Lair:5
    Orc (2/2) D:10            Elf (0/3) Orc:2        Vaults (4/5) D:13
  Crypt (3/3) Vaults:2       Tomb (0/3) Crypt:3      Bailey (visited)

Altars:
Dithmenos
Fedhas
Hepliaklqana
Nemelex Xobeh
Okawaru
Qazlal
Ru
Trog
Uskayaw
Vehumet
Zin
The Shining One
Jiyva

Shops:
D:2 =   D:4 (   D:11 *   Orc:2 **[:   Shoals:2 (   Shoals:3 !   Vaults:1 [
Vaults:4 ?

Portals:
Pandemonium: Orc:2

Annotations:
D:8 3 transporters
D:9 Harold
Crypt:2 3 runed translucent doors, Ciwiv's ghost, veteran FoFi; Nyubb's ghost, veteran MiGl; Roocroe's ghost, veteran MiGl


Message History

The curse toe calls on the powers of darkness!
Your body is wracked with pain!
The skeletal warrior hits you with a +0 trident.
Casting: Blink (safe; 1% risk of failure)
Confirm with . or Enter, or press ? or * to list all spells.
You feel a surge of power!
You erupt in a blast of force!
The mystic blast hits the ancient champion!!
The ancient champion is moderately damaged.
The ancient champion is knocked back by the mystic blast.
The ancient champion slams into the stone wall!
The mystic blast hits the bone dragon!
The bone dragon is lightly damaged.
The bone dragon is knocked back by the mystic blast.
The bone dragon collides with the iron giant skeleton!
The iron giant skeleton is lightly damaged.
The bone dragon is lightly damaged.
The mystic blast hits the curse toe!
The curse toe is lightly damaged.
The curse toe is knocked back by the mystic blast.
The curse toe slams into the metal wall!
The mystic blast hits the naga warrior skeleton!
The naga warrior skeleton is lightly damaged.
The naga warrior skeleton is knocked back by the mystic blast.
The naga warrior skeleton collides with the bone dragon!
The bone dragon is lightly damaged.
The naga warrior skeleton is moderately damaged.
The mystic blast hits the skeletal warrior!
The skeletal warrior is moderately damaged.
The skeletal warrior is knocked back by the mystic blast.
The skeletal warrior slams into the closed gate!
The skeletal warrior is heavily damaged.
The mystic blast hits the skeletal warrior!
The skeletal warrior is heavily damaged.
The skeletal warrior is knocked back by the mystic blast.
The skeletal warrior slams into the stone wall!
The skeletal warrior is severely damaged.
You hear a shout! x3
The ancient champion gestures at you while chanting.
The iron shot hits you!!!
You die...

#.# #..#≈≈..[[:|//$. #...##. #.#
#..#≈....$:)/!. #...##. #.# #..#
#...##. #.# #..# #)..##. #.# #..#
#...##. #.# #..#######+++####
##...##. #.######...##...z.z.....
#....##.
#.....###..##...........##..#.##.
#.....# #^..###.@.ZDZ.###...#.##.
#.....# ###...##'''''##.....#.##.
#.##### ##......zz..ff§##...##.
#.# #.....###########...#. #.#
#....## #### #...#. #.#
#.^..#######..####.### #.#
####..........#....... #.######
#########..#.#####. ....)....
####.#...#.


You could see a bone dragon, a curse toe, an ancient champion (fast), 2 skeletal
warriors, a deathcap (summoned), a wandering mushroom (summoned), a naga warrior
skeleton and an iron giant skeleton.

Vanquished Creatures
  Mennas (Vaults:3)
  A golden dragon (Vaults:4)
  Rupert (Lair:4)
  A quicksilver dragon (Vaults:4)
  5 ancient champions
  2 krakens
  4 sphinxes
  2 shadow dragons (Vaults:4)
  Ilsuiw (Shoals:3)
  3 iron dragons (Vaults:4)
  2 frost giants (Vaults:4)
  9 emperor scorpions
  2 ghouls
  3 curse skulls
  4 ghost moths
  12 vault wardens
  3 orc warlords
  13 ironbound thunderhulks
  9 ironbound preservers
  11 very ugly things
  2 reapers
  A broodmother (Spider:3)
  4 war gargoyles (Vaults:2)
  7 vampire knights
  Azrael (Orc:2)
  7 dire elephants
  A minotaur (Shoals:4)
  2 spark wasps
  A crystal guardian (Vaults:4)
  5 eidola
  5 entropy weavers
  3 merfolk javelineers (Shoals:3)
  4 merfolk impalers
  4 fire dragons
  2 deep elf death magi
  An ettin (Vaults:4)
  6 great orbs of eyes
  2 deep elf high priests
  7 yaktaur captains
  3 jiangshi (Crypt:3)
  3 peacekeepers
  11 vault guards
  4 boulder beetles
  15 ironbound frosthearts
  A demonspawn (Orc:2)
  4 merfolk aquamancers
  3 hydras
  2 death knights (Crypt:1)
  3 radroaches
  16 satyrs
  4 centaur warriors
  A catoblepas (Lair:5)
  3 jorogumos
  An alligator snapping turtle (Shoals:3)
  4 merfolk avatars
  4 two-headed ogres
  4 vampire magi
  A titan zombie (Crypt:2)
  3 orc high priests (Orc:2)
  A soul eater (Crypt:1)
  2 pharaoh ants
  A shadow wraith (Crypt:2)
  14 skeletal warriors
  A sun moth (Spider:1)
  Lodul (D:11)
  2 flayed ghosts
  12 sea snakes
  26 deep trolls
  4 skysharks
  10 orb spiders
  2 glowing orange brains
  2 golden dragon skeletons
  4 bog bodies
  Pikel (D:6)
  A swamp dragon (Lair:5)
  8 wizards
  An anaconda skeleton (Crypt:2)
  16 ironbound convokers
  2 deep elf pyromancers (D:13)
  8 phantasmal warriors
  3 steelbarb worms
  6 lindwurms
  A bunyip skeleton (Crypt:2)
  28 harpies
  A tengu zombie (Vaults:4)
  An oklob plant (Lair:5)
  A wolf spider zombie (Crypt:1)
  9 necromancers
  22 ugly things
  8 wolf spiders
  A tengu skeleton (Vaults:4)
  11 orc knights
  9 cyclopes
  9 orc sorcerers (Orc:2)
  3 moths of wrath
  24 manticores
  Joseph (D:7)
  A stone giant zombie (Vaults:4)
  24 fauns
  An eleionoma skeleton (Crypt:2)
  6 merfolk sirens
  2 black mambas
  9 elephants (Lair:5)
  A black mamba (shapeshifter) (D:13)
  2 human skeletons (Vaults:4)
  6 water nymphs
  7 torpor snails
  A smoke demon (Orc:2)
  25 vault sentinels
  2 gargoyles
  3 demonic crawlers
  10 cane toads
  A centaur skeleton (Crypt:2)
  A red draconian zombie (Crypt:3)
  Psyche (D:11)
  A grey draconian zombie (Crypt:3)
  3 rime drakes
  39 yaktaurs
  An unseen horror (D:13)
  6 freezing wraiths
  4 human zombies (Vaults:4)
  16 komodo dragons
  3 kobold demonologists
  A catoblepas zombie (Crypt:2)
  A tengu conjurer (D:13)
  An alligator snapping turtle skeleton (Crypt:2)
  A red devil (Orc:2)
  2 guardian mummies (Crypt:3)
  A harpy zombie (Crypt:1)
  3 tyrant leeches (Lair:5)
  A white draconian skeleton (Crypt:3)
  28 merfolk
  A polar bear (D:11)
  7 trolls
  A death drake zombie (Crypt:2)
  9 tarantellas
  3 wind drakes
  2 harpy skeletons (Crypt:1)
  12 hornets
  5 blink frogs (Lair:1)
  4 centaur simulacra (D:11)
  A jumping spider (shapeshifter) (Vaults:4)
  11 jumping spiders
  18 slime creatures
  8 snapping turtles
  6 flying skulls
  4 water elementals
  2 vampires
  7 culicivoras
  33 yaks
  12 spriggans (Lair:3)
  8 wraiths
  5 basilisks
  A chaos spawn (Orc:2)
  3 fire elementals (Orc:2)
  3 steam dragons
  5 wyverns
  A vampire mosquito (D:13)
  29 redbacks
  A wind drake skeleton (Crypt:3)
  Menkaure (D:7)
  3 wargs
  4 hell hounds (Orc:2)
  3 acid dragons
  An entropy weaver zombie (Crypt:3)
  6 ice beasts
  14 water moccasins
  2 swamp drakes (Lair:5)
  A sky beast (D:6)
  43 orc warriors
  2 black bears
  A merfolk simulacrum (Crypt:1)
  3 boggarts (Lair:3)
  17 ogres
  An elephant zombie (Crypt:1)
  2 centaurs
  12 wolves
  A lindwurm skeleton (Crypt:3)
  A phantom (D:7)
  Blork the orc (D:6)
  6 kobold brigands
  A draconian zombie (Crypt:2)
  3 necrophages (Crypt:1)
  4 gnoll sergeants
  10 bullfrogs
  3 scorpions
  A wyvern skeleton (Crypt:3)
  10 wights
  A yak zombie (Crypt:2)
  21 killer bees
  A polar bear skeleton (Crypt:2)
  2 howler monkeys (D:10)
  An electric eel (D:11)
  2 quasits
  3 gnoll boudas
  6 hounds
  A jelly (D:6)
  Crazy Yiuf (D:7)
  32 orc priests
  A sleepcap (D:5)
  7 iguanas
  14 orc wizards
  12 hell rats
  An acid dragon zombie (Crypt:1)
  2 ogre skeletons
  33 gnolls
  9 adders
  3 shadow imps
  9 white imps
  4 ufetubi
  An iguana skeleton (Crypt:1)
  A worm (D:4)
  3 dart slugs
  93 orcs
  6 ball pythons
  2 bat zombies
  4 endoplasms
  9 goblins
  7 hobgoblins
  A quokka (D:1)
  3 training dummies (Shoals:2)
  4 bats
  4 frilled lizards
  A jackal zombie (Crypt:3)
  24 kobolds
  A rat (D:2)
  A butterfly (Lair:3)
  3 tentacles
1409 creatures vanquished.

Vanquished Creatures (collateral kills)
  An ogre (D:11)
1 creature vanquished.

Vanquished Creatures (others)
  Mara (Spider:4)
  A cane toad (Lair:5)
  5 ball lightnings
  5 tentacles
12 creatures vanquished.

Grand Total: 1422 creatures vanquished

Notes
Turn   | Place    | Note
-------+----------+-------------------------------------------
     0 | D:1      | Esekla the Deep Elf Wanderer began the quest for the Orb.
     0 | D:1      | Esekla set off with the following items: a +0 club, a
                  | potion of lignification, a +0 robe, a +0 buckler; and the
                  | following spells available to memorise: Apportation, Blink,
                  | Lesser Beckoning, Magic Dart, Ignite Poison, Vampiric
                  | Draining.
     0 | D:1      | Reached XP level 1. HP: 10/10 MP: 7/7
     2 | D:1      | Learned a level 1 spell: Magic Dart
     4 | D:1      | Learned a level 1 spell: Apportation
   359 | D:4      | Found a radiant altar of Vehumet.
   370 | D:4      | Found an iron altar of Okawaru.
   378 | D:4      | Found a glowing silver altar of Zin.
   464 | D:4      | Became a worshipper of Vehumet
   675 | D:3      | Reached XP level 2. HP: 15/15 MP: 9/9
   800 | D:2      | Found Renulab's Jewellery Shop.
   961 | D:3      | Identified the +5 rapier of the Hero {heavy, rN+ Dex+3}
  1018 | D:3      | Reached skill level 1 in Necromancy
  1120 | D:3      | Reached skill level 5 in Spellcasting
  1219 | D:3      | Reached XP level 3. HP: 19/19 MP: 9/11
  1222 | D:3      | Learned a level 2 spell: Blink
  1226 | D:3      | Learned a level 3 spell: Vampiric Draining
  1360 | D:4      | Found Ponaysk's Antique Weapon Boutique.
  1476 | D:5      | Entered Level 5 of the Dungeon
  1587 | D:4      | Reached skill level 1 in Conjurations
  1736 | D:2      | Reached skill level 1 in Dodging
  1835 | D:2      | Noticed a black bear
  2196 | D:1      | Reached * piety under Vehumet
  2196 | D:1      | Offered knowledge of Kiss of Death by Vehumet.
  2229 | D:1      | Reached XP level 4. HP: 17/24 MP: 8/13
  2324 | D:1      | Learned a level 3 spell: Teleport Other
  2591 | D:2      | Found a faded altar of an unknown god.
  2875 | D:3      | Found a stormy altar of Qazlal.
  2888 | D:3      | Reached XP level 5. HP: 28/28 MP: 10/15
  2947 | D:3      | Found a hazy altar of Hepliaklqana.
  2950 | D:3      | Found a bloodstained altar of Trog.
  3224 | D:4      | Found a glowing golden altar of the Shining One.
  3667 | D:4      | Reached skill level 6 in Spellcasting
  3789 | D:4      | Reached XP level 6. HP: 31/32 MP: 3/17
  3829 | D:5      | Got the Parchment of the Lumpy Olives
  3944 | D:5      | Found a shadowy altar of Dithmenos.
  4404 | D:5      | Reached skill level 7 in Spellcasting
  4481 | D:5      | Reached skill level 1 in Short Blades
  4642 | D:5      | Reached XP level 7. HP: 36/36 MP: 17/19
  4889 | D:5      | Reached skill level 5 in Necromancy
  5079 | D:5      | Offered knowledge of Momentum Strike by Vehumet.
  5083 | D:6      | Reached ** piety under Vehumet
  5086 | D:6      | Noticed Blork the orc
  5103 | D:6      | Killed Blork the orc
  5104 | D:6      | Reached skill level 8 in Spellcasting
  5171 | D:6      | Noticed Pikel
  5196 | D:7      | Found a runed translucent door.
  5197 | D:7      | Noticed Crazy Yiuf
  5205 | D:7      | Killed Crazy Yiuf
  5284 | D:7      | Noticed a wyvern
  5297 | D:7      | Killed a wyvern
  5356 | D:7      | Reached XP level 8. HP: 36/41 MP: 13/22
  5425 | D:7      | Noticed Menkaure
  5436 | D:7      | Killed Menkaure
  5605 | D:7      | Reached skill level 9 in Spellcasting
  5790 | D:6      | Killed Pikel
  5791 | D:6      | Reached skill level 10 in Spellcasting
  5839 | D:6      | Reached XP level 9. HP: 31/45 MP: 19/25
  5900 | D:6      | Found a staircase to the Ecumenical Temple.
  6202 | D:6      | Reached skill level 1 in Throwing
  6300 | D:6      | Offered knowledge of Volatile Blastmotes by Vehumet.
  6323 | D:6      | Found a blossoming altar of Fedhas.
  6718 | D:7      | Noticed Joseph
  6776 | D:7      | Reached skill level 11 in Spellcasting
  6785 | D:7      | Learned a level 3 spell: Ignite Poison
  6994 | D:8      | Noticed a two-headed ogre
  7066 | D:8      | Reached *** piety under Vehumet
  7315 | D:7      | Reached skill level 1 in Poison Magic
  7681 | D:8      | Reached skill level 1 in Fire Magic
  7771 | D:7      | Killed Joseph
  7825 | D:8      | Offered knowledge of Sticky Flame by Vehumet.
  7835 | D:8      | Learned a level 4 spell: Sticky Flame
  7950 | D:8      | Reached skill level 12 in Spellcasting
  7961 | D:8      | Reached skill level 1 in Transmutations
  8178 | D:8      | Found a hide-covered altar of Uskayaw.
  8258 | D:8      | Found a transporter.
  8259 | D:8      | Found a transporter.
  8261 | D:8      | Found a transporter.
  8262 | D:8      | Found a transporter.
  8565 | D:8      | Reached **** piety under Vehumet
  8611 | D:8      | Killed a two-headed ogre
  8611 | D:8      | Offered knowledge of Stone Arrow by Vehumet.
  8612 | D:8      | Reached skill level 5 in Dodging
  8612 | D:8      | Reached XP level 10. HP: 48/50 MP: 28/28
  8914 | D:9      | Found a flagged portal.
  8949 | Bailey   | Entered a bailey
  9193 | Bailey   | Identified the +2 bardiche of Puhoisos {heavy, rElec
                  | Stlth+}
  9385 | Bailey   | Noticed an orc knight
  9385 | Bailey   | Noticed an orc knight
  9453 | Bailey   | Killed an orc knight
  9535 | Bailey   | Killed an orc knight
  9536 | Bailey   | Reached skill level 1 in Long Blades
  9643 | D:9      | Noticed a two-headed ogre
  9648 | D:9      | Killed a two-headed ogre
  9649 | D:9      | Reached skill level 1 in Fighting
  9649 | D:9      | Reached skill level 13 in Spellcasting
  9775 | D:9      | Found a sparkling altar of Nemelex Xobeh.
  9832 | D:9      | Reached ***** piety under Vehumet
  9840 | D:9      | Offered knowledge of Orb of Destruction by Vehumet.
  9868 | D:9      | Learned a level 7 spell: Orb of Destruction
 10269 | D:9      | Noticed a cyclops
 10350 | D:9      | Killed a cyclops
 10351 | D:9      | Reached XP level 11. HP: 53/57 MP: 30/30
 10630 | D:9      | Noticed Harold
 10942 | D:10     | Entered Level 10 of the Dungeon
 10974 | D:10     | Found a staircase to the Orcish Mines.
 11027 | D:10     | Reached skill level 10 in Necromancy
 11105 | D:11     | Found Fagafuf's Pet Rocks.
 11129 | D:11     | Reached skill level 14 in Spellcasting
 11871 | D:11     | Reached skill level 5 in Conjurations
 11872 | D:11     | Found a staircase to the Lair.
 11884 | D:11     | Reached skill level 1 in Evocations
 11964 | D:12     | Learned a level 2 spell: Wereblood
 12047 | D:12     | Found a portal to a secret trove of treasure.
 12122 | D:12     | Learned a level 5 spell: Fireball
 12140 | D:12     | Offered knowledge of Iskenderun's Mystic Blast by Vehumet.
 12146 | D:12     | Learned a level 4 spell: Iskenderun's Mystic Blast
 12232 | D:12     | Learned a level 3 spell: Mephitic Cloud
 12294 | D:12     | Reached skill level 15 in Spellcasting
 12294 | D:12     | Reached XP level 12. HP: 31/68 MP: 33/33
 12411 | D:12     | Learned a level 5 spell: Freezing Cloud
 12414 | D:12     | Learned a level 2 spell: Poisonous Vapours
 12491 | D:11     | Got Simple Magic
 12702 | D:2      | Bought the ring of the Mage {Wiz Archmagi} for 714 gold
                  | pieces
 12702 | D:2      | Found the ring of the Mage {Wiz Archmagi}
 12896 | D:11     | Noticed Lodul
 12901 | D:11     | Killed Lodul
 12902 | D:11     | Reached skill level 5 in Fighting
 12902 | D:11     | Reached skill level 5 in Fire Magic
 13089 | D:10     | Reached skill level 1 in Air Magic
 13296 | Trove    | Entered a treasure trove
 13305 | Trove    | Identified the ring of Akemeir {Fire Str+4}
 13318 | Trove    | Identified the ring of Descent {rPois rC+ Int+5 Stlth-}
 13331 | Trove    | Identified the +3 ring mail "Poady" {+Inv rF+ Dex+2 Slay-4}
 13605 | D:11     | Noticed Psyche
 13666 | D:11     | Noticed a two-headed ogre
 13671 | D:11     | Killed Psyche
 13671 | D:11     | Killed a two-headed ogre
 13672 | D:11     | Reached skill level 1 in Armour
 13672 | D:11     | Reached skill level 1 in Ice Magic
 13774 | Lair:1   | Entered Level 1 of the Lair of Beasts
 14803 | Lair:2   | Reached skill level 16 in Spellcasting
 15106 | Lair:2   | Found a transporter.
 15106 | Lair:2   | Found a transporter.
 15107 | Lair:2   | Noticed a boulder beetle
 15107 | Lair:2   | Noticed a boulder beetle
 15120 | Lair:2   | Killed a boulder beetle
 15121 | Lair:2   | Killed a boulder beetle
 15403 | Lair:2   | Found a staircase to the Shoals.
 15550 | Lair:3   | Found a hole to the Spider Nest.
 15700 | Lair:3   | Identified the +3 leather armour of Okawaru's Inspiration
                  | {Str+4}
 15730 | Lair:3   | Noticed a six-headed hydra
 15735 | Lair:3   | Killed a six-headed hydra
 15736 | Lair:3   | Reached XP level 13. HP: 72/74 MP: 27/35
 16596 | Lair:4   | Reached skill level 17 in Spellcasting
 16883 | Lair:4   | Noticed Rupert
 16895 | Lair:4   | Killed Rupert
 17121 | Lair:4   | You fall into a shaft and drop 1 floor!
 17121 | Lair:5   | Entered Level 5 of the Lair of Beasts
 17192 | Lair:5   | Reached skill level 5 in Poison Magic
 17206 | Lair:5   | Reached skill level 5 in Ice Magic
 17230 | Lair:5   | Found a viscous altar of Jiyva.
 17230 | Lair:5   | Found a staircase to the Slime Pits.
 17868 | Lair:5   | Reached skill level 1 in Earth Magic
 17956 | Lair:5   | Reached XP level 14. HP: 82/82 MP: 25/37
 18267 | Lair:5   | Got Utragud's Papyrus of the Inquisitive Olives
 18357 | Lair:5   | Found a runed translucent door.
 18478 | Lair:5   | Reached skill level 5 in Air Magic
 18798 | Lair:5   | Reached skill level 18 in Spellcasting
 19154 | D:2      | Bought the ring of Greed {rElec rPois rN+ AC+4 Str-2} for
                  | 758 gold pieces
 19344 | Orc:1    | Entered Level 1 of the Orcish Mines
 19487 | Orc:2    | Entered Level 2 of the Orcish Mines
 19848 | Orc:2    | Noticed an orc warlord
 19859 | Orc:2    | Found a staircase to the Elven Halls.
 19864 | Orc:2    | Killed an orc warlord
 19999 | Orc:2    | Reached skill level 10 in Dodging
 20072 | Orc:2    | Found Bamnuus's General Store.
 20074 | Orc:2    | Found Roezostra's General Store.
 20182 | Orc:2    | Noticed Azrael
 20189 | Orc:2    | Killed Azrael
 20205 | Orc:2    | Paralysed by an orc sorcerer for 5 turns
 20485 | Orc:2    | Found Jyohez's Book Shop.
 20485 | Orc:2    | Found Huzal's Antique Armour Boutique.
 20486 | Orc:2    | Found a one-way gate leading to the halls of Pandemonium.
 20488 | Orc:2    | Bought a Young Poisoner's Handbook for 300 gold pieces
 20490 | Orc:2    | Bought a runed helmet for 270 gold pieces
 20496 | Orc:2    | Learned a level 4 spell: Olgreb's Toxic Radiance
 20570 | Orc:1    | Noticed an orc warlord
 20574 | Orc:1    | Offered knowledge of Conjure Ball Lightning by Vehumet.
 20576 | Orc:1    | Killed an orc warlord
 20809 | Orc:1    | Learned a level 6 spell: Conjure Ball Lightning
 20979 | Spider:1 | Entered Level 1 of the Spider Nest
 21047 | Spider:1 | Identified the +1 pair of boots of Piysunuo {Str+3}
 21066 | Spider:1 | Reached XP level 15. HP: 84/89 MP: 36/39
 21430 | Spider:1 | Reached skill level 19 in Spellcasting
 22429 | Spider:2 | Acquired 624 gold pieces
 22671 | D:4      | Bought the +8 arc blade {discharge, rElec} for 1740 gold
                  | pieces
 22671 | D:4      | Found the +8 arc blade {discharge, rElec}
 22673 | D:4      | Acquired Ozocubu's Autobiography
 22675 | D:4      | Acquired the scarf "Riysch" {harm, rCorr Int-4 SInv Stlth+}
 22691 | D:4      | Learned a level 3 spell: Ozocubu's Armour
 23213 | D:10     | Offered knowledge of Yara's Violent Unravelling by Vehumet.
 23498 | D:10     | Found a sacrificial altar of Ru.
 23504 | D:10     | You fall into a shaft and drop 3 floors!
 24126 | Spider:3 | Reached skill level 5 in Earth Magic
 24234 | Spider:3 | Noticed an emperor scorpion
 24313 | Spider:3 | Killed an emperor scorpion
 24768 | Spider:3 | Noticed an emperor scorpion
 24779 | Spider:3 | Killed an emperor scorpion
 25287 | Spider:4 | Entered Level 4 of the Spider Nest
 25309 | Spider:4 | Noticed Mara
 25314 | Spider:4 | Noticed Esekla's illusion
 25327 | Spider:4 | Killed Mara
 25328 | Spider:4 | Reached skill level 5 in Armour
 25491 | Spider:4 | Noticed an emperor scorpion
 25504 | Spider:4 | Killed an emperor scorpion
 25594 | Spider:4 | Noticed an emperor scorpion
 25597 | Spider:4 | Reached skill level 20 in Spellcasting
 25610 | Spider:4 | Killed an emperor scorpion
 25769 | Spider:4 | Reached XP level 16. HP: 96/96 MP: 38/42
 26369 | Spider:4 | Reached skill level 10 in Fighting
 26392 | Spider:4 | Got a gossamer rune of Zot
 26634 | Shoals:1 | Entered Level 1 of the Shoals
 27322 | Shoals:2 | Reached skill level 21 in Spellcasting
 27322 | Shoals:2 | Reached skill level 10 in Conjurations
 27421 | Shoals:2 | Reached ****** piety under Vehumet
 27442 | Shoals:2 | Reached skill level 5 in Translocations
 27692 | Shoals:2 | Found Biskeott's Firing Range.
 28207 | Shoals:3 | Offered knowledge of Lee's Rapid Deconstruction by Vehumet.
 28216 | Shoals:3 | Noticed a kraken
 28222 | Shoals:3 | HP: 3/99 [alligator snapping turtle (14)]
 28225 | Shoals:3 | Killed a kraken
 28373 | Shoals:3 | Reached XP level 17. HP: 58/103 MP: 35/44
 28419 | Shoals:3 | Learned a level 5 spell: Lee's Rapid Deconstruction
 28542 | Shoals:3 | Found Zemonaik's Distillery.
 28740 | Shoals:3 | Noticed Ilsuiw
 28747 | Shoals:3 | Killed Ilsuiw
 29176 | Shoals:2 | Identified the +1 animal skin "Kougi" {rPois rF++ MP+9}
 29210 | Shoals:4 | Entered Level 4 of the Shoals
 29459 | Shoals:4 | Identified the +1 ring mail "Uronn" {rF+ Regen+ Int+3}
 29594 | Shoals:4 | Reached skill level 22 in Spellcasting
 29595 | Shoals:4 | Identified the ring "Pileq" {Ice Str+4 Dex+3 Slay+2}
 29653 | Shoals:4 | Offered knowledge of Iskenderun's Battlesphere by Vehumet.
 30090 | Shoals:4 | Got Cuuv Rytt's Atlas of Hot Beguiling
 30090 | Shoals:4 | Got a barnacled rune of Zot
 30722 | Shoals:4 | Noticed a kraken
 30729 | Shoals:4 | Killed a kraken
 31424 | D:13     | Reached skill level 5 in Short Blades
 31451 | D:13     | Reached skill level 5 in Transmutations
 31527 | D:13     | Found a gate to the Vaults.
 31672 | D:13     | Reached XP level 18. HP: 110/111 MP: 44/46
 32062 | Vaults:1 | Entered Level 1 of the Vaults
 32237 | Vaults:1 | Identified the +9 arbalest of Xom's Indignation {penet,
                  | Dex+4 Stlth+}
 32334 | Vaults:1 | Offered knowledge of Iron Shot by Vehumet.
 32335 | Vaults:1 | Reached skill level 23 in Spellcasting
 32615 | Vaults:1 | Found Emogyl Osee's Armour Boutique.
 33377 | Vaults:2 | Found a flickering gateway to a bazaar.
 33422 | Bazaar   | Entered a bazaar
 33440 | Bazaar   | Found Huts's Armour Emporium.
 33440 | Bazaar   | Found Fuoqy's Distillery.
 33462 | Bazaar   | Found Luehida's Magic Scroll Shoppe.
 33478 | Bazaar   | Found Subykus's Antique Weapon Emporium.
 33478 | Bazaar   | Found Zefiutze's Weapon Shoppe.
 33499 | Bazaar   | Found Gopir's Armour Shoppe.
 33570 | Bazaar   | Bought a +1 cloak of stealth for 181 gold pieces
 33595 | Bazaar   | Bought a scroll of blinking for 82 gold pieces
 33609 | Bazaar   | Bought the +8 Vampire's Tooth {megavamp} for 540 gold
                  | pieces
 33609 | Bazaar   | Found the +8 Vampire's Tooth {megavamp}
 33623 | Bazaar   | Bought the +0 mask of the Dragon {Will+ Slay+3 SInv} for
                  | 367 gold pieces
 33623 | Bazaar   | Found the +0 mask of the Dragon {Will+ Slay+3 SInv}
 33660 | Vaults:2 | Found a staircase to the Crypt.
 34739 | Vaults:2 | Reached skill level 24 in Spellcasting
 34744 | Vaults:2 | Reached XP level 19. HP: 93/116 MP: 43/49
 34956 | Vaults:2 | Learned a level 4 spell: Dispel Undead
 35092 | Vaults:3 | Offered knowledge of Fire Storm by Vehumet.
 35092 | Vaults:3 | Offered knowledge of Shatter by Vehumet.
 35092 | Vaults:3 | Offered knowledge of Polar Vortex by Vehumet.
 35868 | Vaults:3 | Noticed Mennas
 35902 | Vaults:3 | Killed Mennas
 36279 | Vaults:3 | Reached skill level 25 in Spellcasting
 36448 | Vaults:4 | Reached skill level 10 in Air Magic
 37588 | Vaults:4 | Found Gint's Magic Scroll Shop.
 37607 | Vaults:4 | Reached XP level 20. HP: 109/122 MP: 45/51
 37680 | Vaults:4 | Reached skill level 10 in Earth Magic
 37905 | Vaults:4 | Found a huge runed gate.
 38024 | Vaults:4 | Found a huge runed gate.
 38024 | Vaults:4 | Found a huge runed gate.
 38024 | Vaults:4 | Found a huge runed gate.
 38027 | Vaults:4 | Found a huge runed gate.
 38028 | Vaults:4 | Found a huge runed gate.
 38028 | Vaults:4 | Found a huge runed gate.
 38028 | Vaults:4 | Found a huge runed gate.
 38028 | Vaults:4 | Found a huge runed gate.
 38030 | Vaults:4 | Found a huge runed gate.
 38030 | Vaults:4 | Found a huge runed gate.
 38030 | Vaults:4 | Found a huge runed gate.
 38030 | Vaults:4 | Found a huge runed gate.
 38030 | Vaults:4 | Found a huge runed gate.
 38030 | Vaults:4 | Found a huge runed gate.
 38031 | Vaults:4 | Found a huge runed gate.
 38079 | Vaults:4 | Found a huge runed gate.
 38080 | Vaults:4 | Found a huge runed gate.
 38088 | Vaults:4 | Found a huge runed gate.
 38088 | Vaults:4 | Found a huge runed gate.
 38088 | Vaults:4 | Found a huge runed gate.
 38088 | Vaults:4 | Found a huge runed gate.
 38088 | Vaults:4 | Found a huge runed gate.
 38088 | Vaults:4 | Found a huge runed gate.
 38089 | Vaults:4 | Found a huge runed gate.
 38090 | Vaults:4 | Found a huge runed gate.
 38091 | Vaults:4 | Found a huge runed gate.
 38103 | Vaults:4 | Found a huge runed gate.
 38103 | Vaults:4 | Found a huge runed gate.
 38103 | Vaults:4 | Found a huge runed gate.
 38103 | Vaults:4 | Found a huge runed gate.
 38103 | Vaults:4 | Found a huge runed gate.
 38104 | Vaults:4 | Found a huge runed gate.
 38105 | Vaults:4 | Found a huge runed gate.
 38106 | Vaults:4 | Found a huge runed gate.
 38107 | Vaults:4 | Found a huge runed gate.
 38135 | Vaults:4 | Noticed a golden dragon
 38146 | Vaults:4 | Reached skill level 26 in Spellcasting
 38254 | Vaults:4 | Killed a golden dragon
 38458 | Vaults:4 | Got the Octavo of Execration and Ceraunoscopy
 38571 | Crypt:1  | Entered Level 1 of the Crypt
 38715 | Crypt:1  | You fall into a shaft and drop 1 floor!
 40317 | Crypt:2  | Found a runed translucent gate.
 40317 | Crypt:2  | Found a runed translucent gate.
 40317 | Crypt:2  | Found a runed translucent gate.
 40321 | Crypt:2  | Noticed Roocroe's ghost (veteran MiGl)
 40321 | Crypt:2  | Noticed Ciwiv's ghost (veteran FoFi)
 40321 | Crypt:2  | Noticed Nyubb's ghost (veteran MiGl)
 40560 | Crypt:3  | Entered Level 3 of the Crypt
 40573 | Crypt:3  | Reached skill level 15 in Dodging
 40787 | Crypt:3  | Reached skill level 27 in Spellcasting
 41225 | Crypt:3  | Found a staircase to the Tomb.
 41466 | Crypt:3  | Noticed a curse toe
 41471 | Crypt:3  | Noticed a bone dragon
 41472 | Crypt:3  | Killed from afar by an ancient champion

Illustrated notes

Levels and vault maps discovered:
D:1:      sevenhm_arrival_forest_fort_small_3, layout_rooms,
          chequers_serial_rivers_room_b, minmay_misc_feat_five
D:2:      layout_loops_ring, dreamdust_ecumenical_altar_angels_and_demons,
          serial_shops, shop
D:3:      layout_basic, grunt_temple_overflow_open, minmay_misc_feat_iff
D:4:      layout_basic, nicolae_overflow_quartered_altars, serial_shops,
          nicolae_diamond_shop
D:5:      layout_loops_ring, lemuel_doored_altar, minmay_misc_feat_rows,
          dreamdust_wishing_well
D:6:      layout_loops_cross, fedhas_altar_fruit_tree,
          minmay_temple_entry_glass, uniq_pikel, uniq_blork_the_orc
D:7:      layout_basic, uniq_menkaure, uniq_joseph, uniq_crazy_yiuf_cottage
D:8:      layout_basic, nicolae_uskayaw_dance_hall, serial_demonic,
          serial_demonic_d, serial_demonic_a, serial_demonic_c,
          serial_demonic_c, nicolae_diode_quadrants
D:9:      layout_irregular_city, kennysheep_little_box, enter_bailey_4,
          minmay_between, uniq_harold
D:10:     layout_basic, nicolae_ru_awakened_eye
D:11:     layout_rooms, hellmonk_lair_entry_icy, serial_ice, serial_ice_j,
          serial_ice_m, serial_ice_o, serial_ice_c, serial_ice_g, serial_ice_f,
          guppyfry_shop_earth, uniq_psyche, uniq_lodul
D:12:     layout_roguey, nicolae_trove_entry_crossroad
D:13:     layout_loops_ring, lightli_vaults_fourway_checkpoint
D:14:     nzn_winding_woodlands_large [nzn_winding_woodlands_5x5_checkerboard,
          nzn_winding_woodlands_5x15_longhouse,
          nzn_winding_woodlands_5x5_default,
          nzn_winding_woodlands_center_garden,
          nzn_winding_woodlands_15x15_five_gardens,
          nzn_winding_woodlands_center_lodge, nzn_winding_woodlands_5x5_default,
          nzn_winding_woodlands_5x15_crooked, nzn_winding_woodlands_5x5_three],
          layout_loops_corners
Lair:1:   layout_small_grid
Lair:2:   gammafunk_boulding_lane, layout_small_grid, elwin_shoals_entry_rooms
Lair:3:   kb_forest_paths, layout_chaotic_city, spider_nest_entry_rubble
Lair:4:   layout_hall_layers, grunt_megastairs_3, lemuel_fruit_fields,
          uniq_rupert
Lair:5:   guppyfry_lair_end_dragon, layout_misc_corridors, wormcave,
          dpeg_slime_entry_enclosed
Shoals:1: layout_shoals, nicolae_shoals_nautilus_by_nature
Shoals:2: argonaut_golden_fleece, layout_shoals, nicolae_shop_firing_range
Shoals:3: layout_shoals, serial_shops, shop, nicolae_shoals_lost_giant_hut,
          uniq_ilsuiw
Shoals:4: shoals_end_hellmonk_lost_city, serial_shops
Spider:1: layout_spider_delve, nicolae_spider_some_kinda_spiderbox
Spider:2: layout_spider_delve, nicolae_spider_twisty_arc_passages
Spider:3: layout_chambers, nicolae_orb_stairs
Spider:4: grunt_spider_rune_circles, guppyfry_hornet_nest, uniq_mara
Orc:1:    layout_caves
Orc:2:    pf_orc_diabolical, layout_diamond_mine, uniq_azrael
Vaults:1: vaults_dpeg_emergency_exit, nicolae_vaults_ellipses_ellipsis,
          nicolae_vaults_variable_pillar_hall, v_misc_22, v_misc_33,
          nicolae_vaults_closet_pinwheel_3, v_alt_pattern_4, v_alt_pattern_4,
          nicolae_vaults_tetromino_Z_2, nicolae_vaults_taking_the_gang_shopping,
          nicolae_vaults_spaceships, v_misc_33, nicolae_vaults_shelves_hall,
          nicolae_vaults_trapezoid_lopsided_1, nicolae_vaults_little_ls,
          layout_vaults_ring
Vaults:2: ontoclasm_vaults_bender, nicolae_vaults_storage_closets_1, v_misc_9,
          vaults_room_pools, nicolae_vaults_more_shelving_2, v_misc_14,
          vaults_standard_mumra_lines, hangedman_vaults_stream,
          nicolae_vaults_windows_and_doors_thing,
          minmay_crypt_entry_simple_corners, nicolae_vaults_stand_back,
          vaults_dpeg_diagonal, nicolae_vaults_little_squares_5,
          layout_vaults_omnibox, serial_shops, bzr_entry_gold
Vaults:3: nicolae_vaults_three_branches, v_misc_15, vaults_standard_mumra_x,
          v_misc_13, ontoclasm_vaults_loading_screen, nicolae_vaults_tangram_1,
          nicolae_vaults_display_case, vaults_room_ringed_pool,
          nicolae_vaults_octothorpe, vaults_mumra_minichess,
          nicolae_vaults_variable_pillar_hall, v_alt_pattern_6,
          nicolae_vaults_tetromino_L_1, nicolae_vaults_trapezoid_3,
          layout_vaults_big_room, uniq_mennas
Vaults:4: nicolae_vaults_network_periphery, nicolae_vaults_angled_halls,
          ontoclasm_vaults_twist, door_vault, nicolae_vaults_more_shelving_1,
          nicolae_vaults_yaktaur_gun_rack, hangedman_vaults_slither, v_rooms_1,
          ontoclasm_vaults_claustrophobia, nicolae_vaults_trapezoid_lopsided_1,
          grunt_vaults_focal, hangedman_vaults_slice, layout_vaults_omnicross,
          serial_shops, shop
Crypt:1:  layout_rooms, grunt_ministairs_11, st_small_mortuary
Crypt:2:  layout_chaotic_city, gammafunk_ghost_cemetery
Crypt:3:  david_glass_crypt, layout_misc_corridors, tomb_entry_simple_bobbens,
          glass_columns_a

Skill      XL: |  1  2  3  4  5  6  7  8  9 10 11 12 13 14 15 16 17 18 19 20 |
---------------+-------------------------------------------------------------+-----
Necromancy     | 1 2 3 4 6 7 8 9 10 11 12 13 | 13.3
Spellcasting   | 5 6 7 8 10 12 13 15 16 17 18 20 21 22 24 25 27 | 27.0
Conjurations   | 1 2 3 4 5 6 7 8 9 10 | 10.8
Dodging        | 1 2 3 5 6 7 8 9 10 11 12 13 14 15 | 15.2
Translocations | 3 4 5 6 |  6.0
Short Blades   | 1 2 3 5 6 7 8 |  8.4
Stealth        | 2 3 4 |  4.7
Shields        | 2 3 |  3.0
Throwing       | 1 2 3 |  3.5
Poison Magic   | 2 3 4 5 6 7 8 |  8.1
Fire Magic     | 2 3 4 5 6 7 8 |  8.2
Transmutations | 2 3 4 5 6 |  6.2
Long Blades    | 1 2 3 4 |  4.1
Fighting       | 2 4 6 7 8 9 10 11 12 | 12.0
Evocations     | 1 |  1.0
Air Magic      | 3 4 6 7 8 9 10 | 10.3
Armour         | 1 3 4 5 6 7 8 |  8.2
Ice Magic      | 3 5 6 |  6.9
Earth Magic    | 1 3 5 6 8 9 11 | 11.3
Invocations    | |  1.3

Action                     |  1- 3 |  4- 6 |  7- 9 | 10-12 | 13-15 | 16-18 | 19-21 || total
---------------------------+-------+-------+-------+-------+-------+-------+-------++-------
  Melee: Short sword       |    65 |    55 |       |       |       |       |       ||   120
         Dagger            |       |    42 |   162 |    55 |       |       |       ||   259
         Rapier            |       |     5 |    52 |    48 |    35 |   246 |   179 ||   565
         Scimitar          |       |       |    26 |   128 |   143 |       |    21 ||   318
         Quick blade       |       |       |       |       |       |       |    53 ||    53
  Throw: Dart              |       |    21 |    32 |    53 |       |       |       ||   106
         Boomerang         |       |       |       |     4 |    24 |    49 |    53 ||   130
   Cast: Apportation       |    28 |    30 |    27 |    56 |    53 |    50 |    26 ||   270
         Magic Dart        |    56 |    32 |    56 |    13 |     3 |       |       ||   160
         Vampiric Draining |     1 |    30 |    98 |   132 |    39 |    86 |    29 ||   415
         Teleport Other    |       |       |     1 |       |       |       |       ||     1
         Sticky Flame      |       |       |     2 |    50 |    48 |    55 |    72 ||   227
         Blink             |       |       |     2 |     5 |     5 |     6 |     5 ||    23
         Ignite Poison     |       |       |     1 |    26 |   148 |   180 |   105 ||   460
         Fireball          |       |       |       |     4 |     1 |     4 |     5 ||    14
         Poisonous Vapours |       |       |       |    48 |   226 |   230 |    98 ||   602
         Freezing Cloud    |       |       |       |    11 |    45 |    30 |     5 ||    91
         Mephitic Cloud    |       |       |       |     7 |    13 |    18 |    34 ||    72
         Wereblood         |       |       |       |     5 |    28 |    36 |    33 ||   102
         Olgreb's Toxic Ra |       |       |       |       |    20 |    46 |    29 ||    95
         Iskenderun's Myst |       |       |       |       |    22 |    44 |    34 ||   100
         Ozocubu's Armour  |       |       |       |       |     7 |    58 |    57 ||   122
         Conjure Ball Ligh |       |       |       |       |       |     1 |       ||     1
         Dispel Undead     |       |       |       |       |       |       |   115 ||   115
         Lee's Rapid Decon |       |       |       |       |       |       |    24 ||    24
  Evoke: Wand              |       |       |    11 |    14 |       |       |     1 ||    26
         Lightning rod     |       |       |       |       |       |     2 |     5 ||     7
    Use: Scroll            |     1 |       |       |    20 |    11 |     8 |     6 ||    46
         Potion            |       |       |     2 |     4 |     1 |     9 |     6 ||    22
   Stab: Sleeping          |     1 |     3 |     3 |     4 |     3 |     8 |    10 ||    32
         Confused          |       |       |       |       |     3 |     3 |     2 ||     8
 Armour: Robe              |    34 |    10 |    65 |    30 |       |       |       ||   139
         Steam dragon scal |       |       |       |    69 |       |       |       ||    69
         Troll leather arm |       |       |       |    19 |   139 |   233 |       ||   391
         Ring mail         |       |       |       |       |       |   219 |   257 ||   476
  Dodge: Dodged            |    45 |    56 |   183 |   293 |   276 |   605 |   253 ||  1711
         Repelled          |       |       |       |       |       |    13 |       ||    13
  Block: Buckler           |     9 |    13 |    49 |   104 |    64 |   168 |    93 ||   500
